 Dungeon Crawl Stone Soup version 0.31.0-12-g77e489cdc1 (webtiles) character file.

Game seed: 4979647721111557143

16 spaghetti the Slasher (level 2, 25/28 HPs)
             Began as a Naga Chaos Knight on Mar 7, 2024.
             Was a Plaything of Xom.
             Quit the game on level 1 of the Dungeon.
             The game lasted 00:00:36 (628 turns).

spaghetti the Slasher (Naga Chaos Knight)            Turns: 628, Time: 00:00:36

Health: 25/28      AC:  4    Str: 13 (14) XL:     2   Next: 54%
Magic:  2/2        EV:  9    Int: 12      God:    Xom [......]
Gold:   42         SH:  0    Dex: 10      Spells: 1/1 levels left

rFire   . . .        a - +0 falchion (chaos)
rCold   . . .        (no shield)
rNeg    . . .        b - +2 leather armour
rPois   +            (no helmet)
rElec   .            (no cloak)
rCorr   .            (no gloves)
SInv    +            (no barding)
Will    .....        (no amulet)
Stlth   +            (no ring)
HPRegen 0.24/turn    (no ring)
MPRegen 0.08/turn

%: no passive effects
@: very slow
A: AC +0, large, see invisible, deformed body, poison resistance, slowness 2,
spit poison 1, naga tail 1
a: Spit Poison, Renounce Religion


You were on level 1 of the Dungeon.
You worshipped Xom.
You were a very special plaything of Xom.
You visited 1 branch of the dungeon, and saw 1 of its levels.

You collected 42 gold pieces.

Inventory:

Hand Weapons
 a - a +0 falchion of chaos (weapon)
Armour
 b - a +2 leather armour (worn)
Scrolls
 c - a scroll of butterflies
 d - 2 scrolls of identify {unknown}
 e - a scroll of noise {unknown}
 f - a scroll of immolation {unknown}
Potions
 g - a potion of haste {unknown}
 h - a potion of resistance {unknown}


   Skills:
 - Level 3.0 Fighting
 + Level 3.8 Long Blades
 - Level 1.5 Armour
 - Level 0.7 Dodging


You had one spell level left.
You didn't know any spells.
Your spell library was empty.

Dungeon Overview and Level Annotations

Branches:
Dungeon (1/15)

Altars:


Innate Abilities, Weirdness & Mutations

Your serpentine skin is tough. (AC +0)
You have supernaturally acute eyesight. (SInv)
Armour fits poorly on your strangely shaped body.
Your system is resistant to poisons. (rPois)
You cover ground very slowly.
You can spit poison.
You have a snake-like lower body.


Message History

A kobold comes into view. It is wielding a +0 club.
The kobold shouts!
You hear a shout!
The hobgoblin hits you but does no damage.
You barely miss the hobgoblin.
The hobgoblin is heavily wounded.
Xom's power touches on a nearby monster.
The kobold evaporates and reforms as a howler monkey!
The hobgoblin hits you but does no damage.
You hit the hobgoblin.
You kill the hobgoblin!
The howler monkey hoots and howls with incredible vigour!
You hear a loud squeak.
You hear a shout!
You hear an angry hiss.
A bat comes into view.
You have got your breath back.
A rat comes into view.
A goblin comes into view. It is wielding a +0 club.
You hit the howler monkey. You burn the howler monkey.
The howler monkey is moderately wounded.
The bat hits you but does no damage. The howler monkey hits you.
You are too injured to fight recklessly!
You are too injured to fight recklessly!
You are too injured to fight recklessly!
You are too injured to fight recklessly!
You are too injured to fight recklessly!
You are too injured to fight recklessly!
You are too injured to fight recklessly!
You are too injured to fight recklessly!
You are too injured to fight recklessly!
You are too injured to fight recklessly!
You are too injured to fight recklessly!
You are too injured to fight recklessly!
You are too injured to fight recklessly!
You are too injured to fight recklessly!
You are too injured to fight recklessly!
You are too injured to fight recklessly!
You are too injured to fight recklessly!
You are too injured to fight recklessly!
You are too injured to fight recklessly!
Unknown command.
Are you sure you want to abandon this character and quit the game? (Confirm with "yes".)

........# ....
.........# ....
.......r.# .....
.........#..)...
........#......
.........#......
..###....h......
.......†@b......
...........#....
..#........# .
#....?...#
#..#.....# #+#
.....#.....# #.#
.#.# #..#..###.#
#......#....#.#
#..#.###..#.#.#


You could see a howler monkey, a bat and a rat.

Vanquished Creatures
  An endoplasm (D:1)
  A giant cockroach (D:1)
  2 goblins (D:1)
  3 hobgoblins (D:1)
  A quokka (D:1)
  3 ball pythons (D:1)
  A frilled lizard (D:1)
  2 kobolds (D:1)
14 creatures vanquished.

Notes
Turn   | Place    | Note
-------+----------+-------------------------------------------
     0 | D:1      | spaghetti the Naga Chaos Knight began the quest for the
                  | Orb.
     0 | D:1      | Reached XP level 1. HP: 21/21 MP: 1/1
    71 | D:1      | XOM: divination: magic mapping
   155 | D:1      | Reached XP level 2. HP: 28/28 MP: 2/2
   165 | D:1      | XOM: stat loss: -1 Str (13/14)
   624 | D:1      | a kobold changed into a howler monkey
   624 | D:1      | Noticed a howler monkey
   624 | D:1      | XOM: polymorph kobold -> howler monkey
   628 | D:1      | Quit the game

Illustrated notes

Levels and vault maps discovered:
D:1:      minmay_arrival_three_doors, layout_basic,
          hellmonk_ecumenical_altar_zigzags, roderic_st_hans_cross,
          serial_bayou_pond_a, fountainhead, hangedman_decor_points,
          minivault_11, minmay_heptomino_h4

Action                     || total
---------------------------++-------
  Melee: Falchion          ||    43
         Punch             ||     2
Ability: Spit Poison       ||    11
 Armour: Leather armour    ||    31
  Dodge: Dodged            ||    15
